 Dungeon Crawl Stone Soup version 0.18-a0-1390-gc02854d (webtiles) character file.

47 Duffy the Chopper (level 3, 0/29 HPs)
             Began as a Centaur Gladiator on Feb 22, 2016.
             Slain by a goblin (1 damage)
             ... led by Robin
             ... on level 2 of the Dungeon.
             The game lasted 00:01:10 (1632 turns).

Duffy the Chopper (Centaur Gladiator)               Turns: 1632, Time: 00:01:10

Health: 0/29       AC:  6    Str: 17    XL:     3   Next: 48%
Magic:  3/3        EV:  9    Int:  8    God:
Gold:   60         SH:  0    Dex:  9    Spells: 0 memorised, 2 levels left

rFire  . . .     SeeInvis .     a - +0 war axe
rCold  . . .     Gourm    .     b - +0 leather armour
rNeg   . . .     Faith    .     (no shield)
rPois  .         Spirit   .     c - +0 helmet
rElec  .         Dismiss  .     e - +0 cloak
rCorr  .         Reflect  .     (no gloves)
SustAt .         Harm     .     (no barding)
MR     .....     Rnd*Tele +     (no amulet)
Stlth  ..........               (no ring)
                                n - ring of teleportation (curse)

@: drained, very quick, not resistant to hostile enchantments, extremely
unstealthy
A: hooves 3, deformed body, speed 2, tough skin 3
a: no special abilities


You were on level 2 of the Dungeon.
You were hungry.

You visited 1 branch of the dungeon, and saw 2 of its levels.

You collected 60 gold pieces.


Innate Abilities, Weirdness & Mutations

You have hooves in place of feet.
Armour fits poorly on your strangely shaped body.
You cover ground very quickly.
You have extremely tough skin (AC +3).


   Skills:
 - Level 2.0(1.2) Fighting
 + Level 4.1(3.3) Axes
 - Level 2.1(1.3) Throwing
 - Level 2.1(1.3) Dodging


You had 2 spell levels left.
You didn't know any spells.

Inventory:

Hand Weapons
 a - a +0 war axe (weapon)
Missiles
 d - 3 throwing nets (quivered)
Armour
 b - a +0 leather armour (worn)
 c - a +0 helmet (worn)
 e - a +0 cloak (worn)
Jewellery
 n - a cursed ring of teleportation (left hand)
Scrolls
 l - a scroll of teleportation
Potions
 g - a potion of beneficial mutation {unknown}
 i - a potion of cancellation {unknown}
 j - 2 potions of haste {unknown}
 k - a potion of ambrosia {unknown}
 p - a potion of degeneration {unknown}
Comestibles
 f - 2 bread rations
 h - 2 beef jerkies
 m - 4 fruits

Dungeon Overview and Level Annotations

Branches:
Dungeon (2/15)

Altars:

Annotations:
D:2 Robin


Message History

The goblin hits you but does no damage.
The hobgoblin hits you but does no damage.
The goblin hits you but does no damage.
Robin roars a battlecry!
The goblins go into a battle-frenzy!
The goblin closely misses you. The goblin hits you.
You barely miss the hobgoblin.
You kick the hobgoblin, but do no damage.
The hobgoblin is moderately wounded.
You barely miss the goblin. x2; You hit the goblin.
You kill the goblin!
The goblin hits you but does no damage.
The hobgoblin hits you but does no damage.
Robin throws the goblin at you! The goblin hits you but does no damage.
The goblin hits you with a dagger. The goblin hits you but does no damage.
The hobgoblin hits you with a club.
You hit the hobgoblin.
The hobgoblin is almost dead.
You closely miss the goblin. You barely miss the goblin.
You closely miss the goblin. The goblin hits you. The goblin barely misses you.
The goblin hits you with a dagger. The hobgoblin closely misses you.
You barely miss the hobgoblin. You kick the hobgoblin.
You kill the hobgoblin!
You closely miss the goblin. You hit the goblin.
The goblin is moderately wounded.
You barely miss the goblin. The goblin closely misses you.
The goblin barely misses you.
The goblin hits you but does no damage. x2
You barely miss the rat. You closely miss the goblin.
You barely miss the goblin.
The goblin is moderately wounded.
You slash the goblin!
You kill the goblin!
The goblin hits you but does no damage. The rat barely misses you.
The goblin hits you.
You die...

#.....#
#.....#
......#
##.....#
......###
.g.....
##gr.#
#g@# #g##
#. ##


You could see Robin, 3 goblins and a rat.

Action                   || total
-------------------------++-------
Melee: War axe           ||   104
  Use: Scroll            ||     3
  Eat: Chunk             ||     1

Notes
Turn   | Place    | Note
--------------------------------------------------------------
     0 | D:1      | Duffy the Centaur Gladiator began the quest for the Orb.
     0 | D:1      | Reached XP level 1. HP: 17/17 MP: 1/1
   255 | D:1      | Reached skill level 3 in Axes
   497 | D:1      | Reached XP level 2. HP: 8/24 MP: 2/2
  1451 | D:2      | Reached XP level 3. HP: 29/29 MP: 3/3
  1620 | D:2      | Noticed Robin
  1620 | D:2      | Reached skill level 4 in Axes
  1632 | D:2      | Slain by a goblin

Vault maps used:
D:1:      dpeg_arrival_tiny_a
D:2:      bloody_makhleb, first_bread, ecumenical_altar_1, uniq_iyjb,
          uniq_crazy_yiuf_cottage, uniq_robin

Vanquished Creatures
  A worm
  A giant gecko
  4 giant cockroaches
  2 hobgoblins
  6 jackals
  A ball python
  2 bats
  2 giant newts
  9 goblins
  5 kobolds
  6 rats
39 creatures vanquished.
